 Dungeon Crawl Stone Soup version 0.22-a0-456-g11ed031617 (webtiles) character file.

239596 Kriby the Necromancer (level 18, -4/143 HPs)
             Began as a Demonspawn Wizard on June 6, 2018.
             Was the Champion of Sif Muna.
             Killed from afar by a servant of whispers (39 damage)
             ... with a bolt of lightning
             ... in the Desolation of Salt.
             The game lasted 02:39:39 (44608 turns).

Kriby the Necromancer (Demonspawn Wizard)          Turns: 44608, Time: 02:39:39

Health: -4/143     AC: 35    Str: 10    XL:     18   Next: 59%
Magic:  33/33      EV: 14    Int: 25    God:    Sif Muna [******]
Gold:   3413       SH:  5    Dex: 15    Spells: 1/39 levels left

rFire    + . .     SeeInvis .   Z - +8 broad axe (elec)
rCold    + + +     Gourm    .   l - +0 buckler
rNeg     . . .     Faith    .   I - +5 ice dragon scales of the Heavens {rF- rC++ MR+ Slay+6}
rPois    +         Spirit   .   r - +0 helmet of Contentment {MR+} (curse)
rElec    .         Reflect  .   U - +2 cloak
rCorr    .         Harm     .   q - +2 pair of gloves "Wulo" {rF+ Int+3}
MR       ++++.                  (boots unavailable)
Stlth    +.........             s - amulet of regeneration
HPRegen  1.73/turn              S - ring of Kuycysih {AC+5 Int-2 Slay+5}
MPRegen  0.23/turn              f - ring of protection from fire

@: death channel, regenerating (expiring)
A: talons 3, slimy green scales 3, agile 1, cold resistance 1, icemail, magic
resistance 1, spiny 3, augmentation 1, freezing cloud immunity
}: 2/15 runes: decaying, serpentine
a: Divine Energy, Channel Magic, Forget Spell, Renounce Religion


You were in the Desolation of Salt.
You worshipped Sif Muna.
Sif Muna was exalted by your worship.
You were hungry.

You visited 6 branches of the dungeon, and saw 32 of its levels.
You also visited: Bailey, Ice Cave and Desolation.

You collected 4027 gold pieces.
You spent 614 gold pieces at shops.

Inventory:

Hand Weapons
 h - a +3 dagger of venom
 t - a +2 vampiric battleaxe
 Z - a +8 broad axe of electrocution (weapon)
Missiles
 K - 5 silver javelins
 L - 10 throwing nets (quivered)
Armour
 l - a +0 buckler (worn)
 m - the +3 ring mail of Crawling {Str+4}
   (You found it on level 6 of the Lair of Beasts)

   It affects your strength (+4).
 q - the +2 pair of gloves "Wulo" (worn) {rF+ Int+3}
   (You acquired it on level 12 of the Dungeon)

   It affects your intelligence (+3).
   It protects you from fire.
 r - the cursed +0 helmet of Contentment (worn) {MR+}
   (You bought it in a shop on level 2 of the Orcish Mines)

   It affects your resistance to hostile enchantments.
   It has a curse placed upon it.
 A - a +2 large shield
 D - a scarf of cloud immunity
 E - a +2 shield
 I - the +5 ice dragon scales of the Heavens (worn) {rF- rC++ MR+ Slay+6}
   (You found it in an ice cave)

   It affects your accuracy and damage with ranged weapons and melee attacks
   (+6).
   It makes you vulnerable to fire.
   It greatly protects you from cold.
   It affects your resistance to hostile enchantments.
 M - the +10 plate armour of Defiance {rN+ Str+2 Int+4 Dex+3}
   (You found it on level 13 of the Dungeon)

   It affects your strength (+2).
   It affects your intelligence (+4).
   It affects your dexterity (+3).
   It protects you from negative energy.
 U - a +2 cloak (worn)
Magical Staves
 B - an uncursed staff of wizardry
Jewellery
 c - an uncursed ring of protection from cold
 f - a ring of protection from fire (right hand)
 i - an uncursed ring of see invisible
 s - an amulet of regeneration (around neck)
 S - the ring of Kuycysih (left hand) {AC+5 Int-2 Slay+5}
   (You found it on level 2 of the Snake Pit)

   [ring of protection]

   It affects your AC (+5).
   It affects your intelligence (-2).
   It affects your accuracy and damage with ranged weapons and melee attacks
   (+5).
Wands
 k - a wand of acid (22) {@v2}
 u - a wand of digging (6) {@v1}
 w - a wand of flame (180)
 x - a wand of scattershot (6) {@v5}
 z - a wand of random effects (30)
 Q - a wand of iceblast (9) {@v4}
Scrolls
 b - 19 scrolls of identify {@r1}
 g - 2 scrolls of immolation
 j - 19 scrolls of remove curse {@r2}
 p - 5 scrolls of enchant armour
 C - 12 scrolls of teleportation {@r3}
 F - 3 scrolls of magic mapping
 T - 5 scrolls of fog
Potions
 a - 4 potions of mutation
 e - 6 potions of brilliance
 n - 2 potions of haste {@q3}
 y - 4 potions of cancellation
 G - 3 potions of magic
 J - 4 potions of agility {@q5}
 N - 4 potions of curing {@q1}
 R - 2 potions of resistance
 W - 5 potions of lignification
 Y - a potion of flight
Miscellaneous
 o - a crystal ball of energy
 O - a phial of floods
 P - a lightning rod (4/4)
Comestibles
 d - 37 rations {@e1}
 v - 2 chunks of flesh


   Skills:
 - Level 13.0 Fighting
 * Level 2.6 Axes
 - Level 5.0 Throwing
 - Level 10.8 Armour
 - Level 12.4 Dodging
 - Level 2.5 Stealth
 + Level 4.5 Shields
 - Level 11.3 Spellcasting
 - Level 7.9 Conjurations
 - Level 4.5 Hexes
 - Level 4.6 Summonings
 - Level 17.2 Necromancy
 - Level 4.0 Translocations
 - Level 4.0 Fire Magic
 - Level 4.0 Air Magic
 - Level 4.1 Poison Magic
 - Level 7.9 Evocations


You had one spell level left.
You knew the following spells:

 Your Spells              Type           Power        Failure   Level  Hunger
a - Magic Dart            Conj           ####         1%          1    None
c - Blink                 Tloc           N/A          8%          2    None
d - Conjure Flame         Conj/Fire      #####...     7%          3    None
e - Mephitic Cloud        Conj/Pois/Air  #####...     9%          3    None
f - Cause Fear            Hex            #####.....   36%         4    None
g - Call Canine Familiar  Summ           #####...     12%         3    None
h - Death Channel         Necr           #######...   3%          6    #####..
n - Animate Dead          Necr           N/A          1%          4    None
q - Stone Arrow           Conj/Erth      ####..       16%         3    None
r - Regeneration          Chrm/Necr      ######....   2%          3    None
v - Animate Skeleton      Necr           N/A          1%          1    None
w - Bolt of Draining      Conj/Necr      ######....   4%          5    ###....

Your spell library contained the following spells:

 Spells                   Type           Power        Failure   Level  Hunger
 Fireball                 Conj/Fire      #####.....   54%         5    ###....
 Apportation              Tloc           ####..       4%          1    None
 Bolt of Fire             Conj/Fire      #####.....   98%         6    #####..
 Bolt of Cold             Conj/Ice       ####......   100%        6    #####..
 Lightning Bolt           Conj/Air       #####.....   54%         5    ###....
 Bolt of Magma            Conj/Fire/Erth ####......   82%         5    ###....
 Slow                     Hex            #####...     6%          2    None
 Confuse                  Hex            #####...     12%         3    None
 Invisibility             Hex            #####...     99%         6    #####..
 Throw Flame              Conj/Fire      #####.       3%          2    None
 Controlled Blink         Tloc           N/A          100%        8    #######
 Freezing Cloud           Conj/Ice/Air   ####......   100%        6    #####..
 Death's Door             Chrm/Necr      ######....   100%        8    #######
 Summon Small Mammal      Summ           ####         3%          1    None
 Fire Storm               Conj/Fire      #####.....   100%        9    #######
 Summon Horrible Things   Summ           #####.....   100%        8    #######
 Vampiric Draining        Necr           #######...   1%          3    None
 Haunt                    Necr/Summ      ######....   94%         7    ######.
 Borgnjor's Revivificati  Necr           #######...   82%         8    #######
 Ozocubu's Refrigeration  Ice            ##........   100%        6    #####..
 Sticky Flame             Conj/Fire      #####...     22%         4    None
 Summon Ice Beast         Ice/Summ       ####....     69%         4    None
 Call Imp                 Summ           #####...     6%          2    None
 Dispel Undead            Necr           #######.     1%          5    ###....
 Poison Arrow             Conj/Pois      #####.....   98%         6    #####..
 Sublimation of Blood     Necr           #######...   1%          2    None
 Tukima's Dance           Hex            #####...     12%         3    None
 Corpse Rot               Necr           N/A          1%          2    None
 Shock                    Conj/Air       ####         2%          1    None
 Swiftness                Chrm/Air       ###.....     17%         2    None
 Recall                   Summ/Tloc      N/A          13%         3    None
 Agony                    Necr           #######.     1%          5    ###....
 Statue Form              Tmut/Erth      ##.......    100%        6    #####..
 Ice Form                 Ice/Tmut       ##......     95%         4    None
 Necromutation            Tmut/Necr      ######....   100%        8    #######
 Deflect Missiles         Chrm/Air       ###.......   100%        6    #####..
 Airstrike                Air            ####......   45%         4    None
 Shadow Creatures         Summ           N/A          99%         6    #####..
 Confusing Touch          Hex            #####.       4%          1    None
 Flame Tongue             Conj/Fire      #####        2%          1    None
 Passwall                 Tmut/Erth      ##......     36%         2    None
 Ignite Poison            Fire/Tmut/Pois ####....     26%         3    None
 Ensorcelled Hibernation  Hex/Ice        ####..       16%         2    None
 Metabolic Englaciation   Hex/Ice        ####......   96%         5    ###....
 Summon Butterflies       Summ           #####...     3%          1    None
 Silence                  Hex/Air        #####.....   77%         5    ###....
 Static Discharge         Conj/Air       #####...     7%          3    None
 Corona                   Hex            #####..      4%          1    None
 Alistair's Intoxication  Tmut/Pois      ###.....     97%         5    ###....
 Lee's Rapid Deconstruct  Erth           ##........   100%        5    ###....
 Sandblast                Erth           ##....       26%         1    None
 Simulacrum               Ice/Necr       ######....   75%         6    #####..
 Conjure Ball Lightning   Conj/Air       #####.....   98%         6    #####..
 Excruciating Wounds      Chrm/Necr      ######....   22%         5    ###....
 Portal Projectile        Hex/Tloc       #####.       14%         3    None
 Petrify                  Tmut/Erth      ##......     95%         4    None
 Orb of Destruction       Conj           ######....   100%        7    ######.
 Malign Gateway           Summ/Tloc      #####.....   100%        7    ######.
 Tornado                  Air            ####......   100%        9    #######
 Darkness                 Hex            #####.....   99%         6    #####..
 Shroud of Golubria       Chrm/Tloc      ###.......   17%         2    None
 Inner Flame              Hex/Fire       #####...     14%         3    None
 Fulminant Prism          Conj/Hex       #####.....   21%         4    None
 Dazzling Spray           Conj/Hex       #####.       6%          3    None
 Infusion                 Chrm           ##..         26%         1    None
 Song of Slaying          Chrm           ##......     36%         2    None
 Spectral Weapon          Hex/Chrm       ####....     30%         3    None
 Discord                  Hex            #####.....   100%        8    #######
 Summon Lightning Spire   Summ/Air       #####...     41%         4    None
 Spellforged Servitor     Conj/Summ      #####.....   100%        7    ######.
 Summon Mana Viper        Hex/Summ       #####...     73%         5    ###....
 Gell's Gravitas          Tloc           ####......   16%         3    None
 Yara's Violent Unravell  Hex/Tmut       ####......   96%         5    ###....
 Infestation              Necr           #######...   82%         8    #######
 Lesser Beckoning         Tloc           ####......   16%         3    None
 Poisonous Vapours        Pois/Air       ####..       8%          2    None
 Borgnjor's Vile Clutch   Necr/Erth      ######....   22%         5    ###....


Dungeon Overview and Level Annotations

Branches:
Dungeon (15/15)            Temple (0/1) D:5            Lair (6/6) D:8
  Swamp (4/4) Lair:3        Snake (4/4) Lair:3        Slime (0/5) Lair:6
    Orc (2/2) D:11            Elf (0/3) Orc:2        Vaults (1/5) D:13
 Depths (0/5) D:15

Altars:
Cheibriados
Dithmenos
Fedhas
Hepliaklqana
Kikubaaqudgha
Makhleb
Nemelex Xobeh
Qazlal
Ru
Sif Muna
Trog
Uskayaw
Vehumet
Wu Jian
Yredelemnul
Zin
The Shining One
Jiyva

Shops:
D:6 *   D:12 [   Orc:2 *[=(

Portals:
Trove: D:14 (give 5 scrolls of blinking)

Annotations:
Lair:3 1 runed door


Innate Abilities, Weirdness & Mutations

You have claws for feet.
You are completely covered in slimy green scales. (AC +4, rPois)
Your flesh is cold resistant. (rC+)
A meltable icy envelope protects you from harm. (AC +0)
You are completely covered in sharp spines.
Your magical and physical power is slightly enhanced at high health.
You are immune to freezing clouds.
You are agile. (Dex +2)
You are resistant to hostile enchantments. (MR+)


Message History

Attack!
Your saltling hits the crystal guardian but does no damage.
Your servant of whispers hits the crystal guardian with a quarterstaff!
Your saltling hits the crystal guardian but does no damage. x2
The peacekeeper bites your saltling but does no damage.
The peacekeeper claws your saltling but does no damage.
You block the saltling's attack.
Your ironbrand convoker points at your saltling and mumbles some strange words.
Your saltling seems to grow stronger.
The crystal guardian fires a crystalline bolt at your saltling.
The crystal bolt burns your saltling.
Your saltling is destroyed!
Your saltling hits the peacekeeper but does no damage.
Your saltling hits the crystal guardian. x2
The peacekeeper bites your saltling! The peacekeeper claws your saltling!
Your saltling hits the crystal guardian!
Your servant of whispers hits the crystal guardian with a quarterstaff.
The servant of whispers calls down the wrath of its god upon you.
The bolt of lightning hits you!
You die...

,,,,,,,,,,,,,,#############,,,
,,,,,,####..................,,
,,,,,#####....................
,,,,,#####...........#........
,,,,,#####....................
,,,,,#####....................
,,,,,#####....................
,,,,,#####.................#..
,,,,,#####..p@.8...........,..
,,,,,#####....88p..........,..
,,,,,#####..#888p8............
,,,,,#####.p#.p88..##...##....
,,,,,#####....##...#*...#*....
,,,,,#####.....,..............
,,,,,#####......8.[).[,,,,....
,,,,,#####........###..,,,....
,,,,,#####....##8.# *#},**,...


You could see a servant of whispers, a crystal guardian, a peacekeeper, a
saltling, a friendly ragged hierophant, 2 friendly servants of whispers, a
friendly ironbrand convoker and 6 friendly saltlings.

Vanquished Creatures
  Kirke (Snake:4)
  3 nagarajas (Snake:4)
  Louise (Snake:4)
  2 orc warlords
  The ghost of epok the Severer, a journeyman MiMo of Okawaru (Orc:2)
  Nessos (D:14)
  The ghost of FluffierThanThou the Cleaver, a journeyman MiBe of Trog (D:12)
  Josephine (Lair:4)
  3 ragged hierophants
  A servant of whispers (Desolation)
  3 vault guards (D:13)
  A peacekeeper (Desolation)
  8 hydras
  Harold (Lair:2)
  Erica (D:8)
  6 naga warriors
  6 two-headed ogres
  4 centaur warriors
  An alligator (Swamp:3)
  15 anacondas
  A death yak (Lair:5)
  6 shock serpents
  A tengu warrior (D:13)
  8 naga sharpshooters
  3 orc high priests (Orc:2)
  Urug (Lair:3)
  Sonja (D:14)
  A wizard (D:13)
  6 naga ritualists
  A sea snake (Snake:1)
  A shambling mangrove (Swamp:3)
  An ironbrand convoker (Vaults:1)
  A swamp dragon (Swamp:1)
  3 orc knights
  2 necromancers (D:13)
  4 cyclopes
  A deep elf mage (D:15)
  4 mana vipers
  2 orc sorcerers
  4 oklob plants (Lair:5)
  7 ugly things
  4 salamanders
  4 manticores
  10 elephants
  26 black mambas
  An elephant (shapeshifter) (D:15)
  15 naga magi
  7 guardian serpents (Snake:4)
  2 centaur zombies
  3 ice statues (IceCv)
  Joseph (D:8)
  Psyche (D:8)
  A torpor snail (Lair:5)
  7 spiny frogs
  A gargoyle (D:10)
  3 rime drakes
  4 komodo dragons
  An efreet (D:14)
  A kobold demonologist (D:12)
  A freezing wraith (D:14)
  A guardian mummy (D:14)
  8 hornets
  5 trolls
  8 saltlings
  5 tyrant leeches
  A polar bear (Lair:6)
  20 blink frogs
  3 hippogriffs
  A slime creature (Swamp:3)
  A dream sheep (Lair:6)
  3 bog bodies
  13 spriggans
  A vampire (D:15)
  4 wyverns
  6 wraiths
  29 yaks
  2 hogs (Snake:4)
  11 humans (D:13)
  A steam dragon (D:10)
  7 vampire mosquitoes
  22 nagas
  3 insubstantial wisps (Swamp:4)
  A soldier ant (D:13)
  10 swamp worms
  4 wargs
  An acid dragon (D:14)
  Duvessa (D:6)
  10 water moccasins
  A swamp drake (Swamp:3)
  4 porcupines
  3 sky beasts
  8 ice beasts
  32 orc warriors
  2 necrophages
  A boggart (Lair:6)
  3 eyes of draining
  2 phantoms
  5 black bears
  9 ogres
  11 wolves
  9 centaurs
  3 crocodiles
  5 big kobolds
  17 bullfrogs
  8 gnoll sergeants
  Dowan (D:6)
  4 scorpions
  9 wights
  3 electric eels
  5 howler monkeys
  6 crimson imps
  2 quasits
  A bullfrog zombie (D:13)
  5 hounds
  An iron imp (D:6)
  3 jellies
  4 gnoll shamans (Bailey)
  20 orc priests
  21 orc wizards
  2 bullfrog skeletons
  3 centaur skeletons
  4 iguanas
  15 worker ants
  2 hound skeletons
  2 worker ant zombies
  17 gnolls
  14 adders
  4 shadow imps
  An adder zombie (D:8)
  4 dart slugs (D:1)
  A worm (D:3)
  4 leopard geckos
  99 orcs
  13 bats
  8 giant cockroaches
  6 goblins
  13 hobgoblins
  17 jackals
  22 kobolds
  7 quokkas
  5 ball pythons
  4 frilled lizards
  2 goblin skeletons (D:5)
  A goblin zombie (D:5)
  2 hobgoblin zombies (D:5)
  2 orc zombies (D:5)
  4 quokka skeletons
  5 rats
  A briar patch (Swamp:4)
  A butterfly (Lair:6)
  5 fungi
893 creatures vanquished.

Vanquished Creatures (collateral kills)
  Vashnia (Snake:2)
  3 thorn hunters (Swamp:4)
  3 nagarajas
  Roxanne (Snake:2)
  A frost giant (D:15)
  Aizul (Snake:2)
  16 hydras
  2 centaur warriors
  2 two-headed ogres (D:14)
  6 naga warriors
  2 death knights
  7 anacondas
  A death yak (Lair:5)
  6 alligators
  A spriggan berserker (Swamp:4)
  An orc high priest (Orc:2)
  12 naga sharpshooters
  A tengu warrior (D:13)
  2 shock serpents
  2 salamander mystics
  2 fire crabs
  5 sea snakes
  7 swamp dragons
  A wizard (D:13)
  7 naga ritualists
  A shambling mangrove (Swamp:4)
  10 mana vipers
  4 ugly things
  10 salamanders
  3 cyclopes
  6 naga magi
  25 black mambas
  2 centaur zombies (D:15)
  6 guardian serpents
  2 elephants (Lair:6)
  4 spiny frogs
  A centaur skeleton (D:15)
  A kobold demonologist (D:12)
  A yaktaur (D:15)
  4 trolls
  6 polar bears
  6 tyrant leeches
  8 bog bodies
  A hornet (Lair:6)
  2 slime creatures (Swamp:3)
  A hippogriff (D:12)
  10 blink frogs
  A dream sheep (Lair:6)
  4 spriggans (Lair:6)
  A shadow (D:13)
  A wraith (D:12)
  A wyvern (D:11)
  3 yaks
  Grum (D:11)
  6 humans (D:13)
  32 nagas
  8 vampire mosquitoes
  10 swamp worms
  A porcupine (Lair:5)
  3 water moccasins (Lair:6)
  13 swamp drakes
  11 orc warriors
  An ice beast (IceCv)
  A necrophage (D:12)
  A phantom (D:12)
  2 boggarts (Lair:6)
  3 ogres
  9 wolves
  2 centaurs
  4 crocodiles
  A bullfrog (D:13)
  A gnoll sergeant (Bailey)
  A water moccasin zombie (D:11)
  A scorpion (D:12)
  3 wights (D:12)
  A howler monkey (D:12)
  3 electric eels (Snake:1)
  A crimson imp (D:13)
  A bullfrog zombie (D:13)
  A hound (Bailey)
  4 orc priests
  5 orc wizards
  2 gnoll shamans (Bailey)
  An iguana (D:12)
  A worker ant zombie (D:11)
  8 gnolls (Bailey)
  14 orcs
  A hobgoblin (Orc:1)
  A jackal (D:10)
  A kobold (D:12)
  4 goblins
  2 briar patches (Swamp:4)
  A butterfly (Lair:6)
  4 fungi
  12 plants
401 creatures vanquished.

Vanquished Creatures (others)
  A naga mage (Snake:4)
  2 humans (Snake:4)
  A worker ant (D:14)
  An orc (Orc:2)
  25 fungi
  17 plants
47 creatures vanquished.

Grand Total: 1341 creatures vanquished

Notes
Turn   | Place    | Note
-------+----------+-------------------------------------------
     0 | D:1      | Kriby the Demonspawn Wizard began the quest for the Orb.
     0 | D:1      | Reached XP level 1. HP: 13/13 MP: 4/4
   375 | D:1      | Gained mutation: You are partially covered in slimy green scales. (AC +2) [demonic ancestry]
   375 | D:1      | Reached XP level 2. HP: 19/19 MP: 1/6
  1153 | D:1      | Reached XP level 3. HP: 24/24 MP: 1/7
  2085 | D:2      | Found a deep blue altar of Sif Muna.
  2094 | D:2      | Became a worshipper of Sif Muna the Loreminder
  2266 | D:2      | Gained mutation: You have sharp toenails. [demonic ancestry]
  2266 | D:2      | Reached XP level 4. HP: 29/30 MP: 4/9
  2458 | D:2      | Found a sparkling altar of Nemelex Xobeh.
  3018 | D:2      | Gained mutation: You are resistant to hostile enchantments. (MR+) [potion of mutation]
  3018 | D:2      | Gained mutation: You tend to lose your temper in combat. [potion of mutation]
  3018 | D:2      | Lost mutation: You tend to lose your temper in combat. [potion of mutation]
  3018 | D:2      | Gained mutation: You are agile. (Dex +2) [potion of mutation]
  3600 | D:3      | Reached XP level 5. HP: 35/35 MP: 7/11
  3681 | D:3      | Learned a level 2 spell: Call Imp
  3684 | D:3      | Learned a level 2 spell: Blink
  3688 | D:3      | Learned a level 3 spell: Conjure Flame
  3692 | D:3      | Learned a level 3 spell: Mephitic Cloud
  3946 | D:3      | Found a snail-covered altar of Cheibriados.
  3958 | D:3      | Reached skill level 1 in Translocations
  4522 | D:3      | Reached skill level 1 in Evocations
  4732 | D:4      | Reached * piety under Sif Muna
  4998 | D:4      | Gained mutation: Your flesh is cold resistant. (rC+) [demonic ancestry]
  4998 | D:4      | Reached XP level 6. HP: 42/42 MP: 6/12
  5764 | D:4      | Found a burning altar of Makhleb.
  5766 | D:4      | Found a glowing silver altar of Zin.
  5766 | D:4      | Noticed a balrug
  5766 | D:4      | Noticed an angel
  5857 | D:5      | Entered Level 5 of the Dungeon
  5857 | D:5      | Found a hazy altar of Hepliaklqana.
  5861 | D:5      | Found a basalt altar of Yredelemnul.
  5861 | D:5      | Found a stormy altar of Qazlal.
  5893 | D:5      | Reached skill level 1 in Air Magic
  5893 | D:5      | Reached skill level 1 in Poison Magic
  6024 | D:5      | Reached skill level 1 in Fighting
  6054 | D:5      | Reached skill level 1 in Fire Magic
  6093 | D:5      | Found a staircase to the Ecumenical Temple.
  6142 | D:5      | Gained mutation: You have razor-sharp toenails. [demonic ancestry]
  6142 | D:5      | Reached XP level 7. HP: 45/48 MP: 5/13
  6484 | D:5      | Found a glowing golden altar of the Shining One.
  6510 | D:5      | Reached skill level 1 in Shields
  6676 | D:5      | Found a shadowy altar of Dithmenos.
  7701 | D:6      | Found a snail-covered altar of Cheibriados.
  7739 | D:6      | Gained mutation: You are mostly covered in slimy green scales. (AC +3) [demonic ancestry]
  7739 | D:6      | Reached XP level 8. HP: 54/56 MP: 6/15
  7818 | D:6      | Found Tiagou Aptuo's General Store.
  7916 | D:6      | Reached ** piety under Sif Muna
  8470 | D:6      | Noticed Duvessa
  8470 | D:6      | Noticed Dowan
  8489 | D:6      | Killed Duvessa
  8489 | D:6      | Reached skill level 5 in Spellcasting
  8493 | D:6      | Killed Dowan
  8849 | D:7      | Gained mutation: You are partially covered in sharp spines. [demonic ancestry]
  8849 | D:7      | Reached XP level 9. HP: 42/64 MP: 3/16
  9007 | D:7      | Found a blossoming altar of Fedhas.
  9519 | D:7      | Found a radiant altar of Vehumet.
  9760 | D:8      | Noticed a two-headed ogre
  9837 | D:8      | Noticed Psyche
  9839 | D:8      | Killed Psyche
 10085 | D:7      | Killed a two-headed ogre
 10085 | D:7      | Reached *** piety under Sif Muna
 10085 | D:7      | Reached skill level 5 in Conjurations
 10354 | D:8      | Found a staircase to the Lair.
 10634 | D:8      | Found a deep blue altar of Sif Muna.
 10660 | D:8      | Noticed a two-headed ogre
 10804 | D:8      | Noticed Erica
 10823 | D:8      | Killed Erica
 10823 | D:8      | Gained mutation: You are immune to freezing clouds. [demonic ancestry]
 10823 | D:8      | Reached XP level 10. HP: 58/72 MP: 1/18
 10971 | D:8      | Noticed Joseph
 11002 | D:8      | Killed Joseph
 11002 | D:8      | Reached skill level 5 in Dodging
 11436 | D:8      | Killed a two-headed ogre
 11512 | D:8      | Noticed a dagger
 11512 | D:8      | Noticed an enchanted hand axe
 11514 | D:8      | Found a hide-covered altar of Uskayaw.
 11616 | D:8      | Reached **** piety under Sif Muna
 12351 | D:9      | Noticed a manticore
 12548 | D:9      | Killed a manticore
 12557 | D:9      | Reached skill level 5 in Evocations
 12714 | D:9      | Reached skill level 5 in Fighting
 13139 | D:9      | Found a sacrificial altar of Ru.
 13561 | D:10     | Entered Level 10 of the Dungeon
 14404 | D:10     | Noticed a gargoyle
 14570 | D:10     | Reached XP level 11. HP: 69/80 MP: 7/20
 15164 | D:10     | Learned a level 4 spell: Cause Fear
 15171 | D:10     | Learned a level 6 spell: Deflect Missiles
 15255 | Lair:1   | Entered Level 1 of the Lair of Beasts
 16147 | Lair:1   | Learned a level 3 spell: Stone Arrow
 16879 | Lair:2   | Noticed Harold
 16947 | Lair:2   | Killed Harold
 17118 | Lair:2   | Reached ***** piety under Sif Muna
 17134 | Lair:2   | Reached skill level 1 in Hexes
 17867 | Lair:3   | Identified Sif Muna's Incunabulum of the Escort (Sif Muna gifted it to you on level 3 of the Lair of Beasts)
 17867 | Lair:3   | Received a gift from Sif Muna
 17870 | Lair:3   | Identified a scroll of acquirement
 17907 | Lair:3   | Learned a level 3 spell: Call Canine Familiar
 18093 | Lair:3   | Reached skill level 1 in Armour
 18192 | Lair:3   | Learned a level 1 spell: Animate Skeleton
 18200 | Lair:3   | Found a staircase to the Swamp.
 18275 | Lair:3   | Noticed Urug
 18293 | Lair:3   | Killed Urug
 18619 | Lair:3   | Found a runed door.
 18641 | Lair:3   | Found a staircase to the Snake Pit.
 19033 | Lair:3   | Gained mutation: You are completely covered in slimy green scales. (AC +4, rPois) [demonic ancestry]
 19033 | Lair:3   | Reached XP level 12. HP: 63/89 MP: 17/23
 19450 | Lair:4   | Noticed a four-headed hydra
 19458 | Lair:4   | Killed a four-headed hydra
 19706 | Lair:4   | Noticed Josephine
 19712 | Lair:4   | Killed Josephine
 19817 | Lair:4   | Found a frozen archway.
 19827 | IceCv    | Entered an ice cave
 21257 | IceCv    | Identified the +9 hand axe "Wunud" {freeze, *Contam Dex+6} (You found it in an ice cave)
 21268 | IceCv    | Got dazzling ice dragon scales
 21308 | Lair:4   | Identified the +5 ice dragon scales of the Heavens {rF- rC++ MR+ Slay+6} (You found it in an ice cave)
 21662 | Lair:4   | Learned a level 4 spell: Summon Ice Beast
 21923 | Lair:5   | Noticed a seven-headed hydra
 21934 | Lair:5   | Killed a seven-headed hydra
 23734 | Lair:5   | Reached skill level 1 in Necromancy
 23735 | Lair:5   | Noticed a death yak
 23735 | Lair:5   | Noticed a death yak
 23851 | Lair:5   | Reached skill level 2 in Necromancy
 23860 | Lair:5   | Reached skill level 3 in Necromancy
 23929 | Lair:5   | Gained mutation: You are mostly covered in sharp spines. [demonic ancestry]
 23929 | Lair:5   | Reached XP level 13. HP: 98/98 MP: 23/25
 23999 | Lair:5   | Reached skill level 4 in Necromancy
 24010 | Lair:5   | Reached skill level 5 in Necromancy
 24032 | Lair:5   | Reached skill level 6 in Necromancy
 24242 | Lair:5   | Received a gift from Sif Muna
 24513 | Lair:6   | Entered Level 6 of the Lair of Beasts
 24654 | Lair:6   | Reached skill level 7 in Necromancy
 24676 | Lair:6   | Reached skill level 8 in Necromancy
 24792 | Lair:6   | Reached skill level 9 in Necromancy
 25278 | Lair:6   | Reached skill level 10 in Necromancy
 25496 | Lair:6   | Reached skill level 11 in Necromancy
 25676 | Lair:6   | Reached skill level 12 in Necromancy
 25693 | Lair:6   | Identified Sif Muna's Papyrus of Toxic Bewitchment (Sif Muna gifted it to you on level 6 of the Lair of Beasts)
 25693 | Lair:6   | Received a gift from Sif Muna
 25896 | Lair:6   | Reached skill level 13 in Necromancy
 25932 | Lair:6   | Identified the +3 ring mail of Crawling {Str+4} (You found it on level 6 of the Lair of Beasts)
 26345 | Lair:6   | Found a staircase to the Slime Pits.
 26346 | Lair:6   | Found a viscous altar of Jiyva.
 26991 | D:11     | Noticed Grum
 27003 | D:11     | Killed Grum
 27177 | D:11     | Reached skill level 1 in Throwing
 27714 | D:11     | Found a staircase to the Orcish Mines.
 27984 | D:12     | Learned a level 6 spell: Death Channel
 28026 | D:12     | Noticed FluffierThanThou's ghost (journeyman MiBe)
 28073 | D:12     | Killed FluffierThanThou's ghost
 28217 | D:12     | Found Pieqaimm's Armour Boutique.
 28303 | D:12     | Found a flagged portal.
 28311 | Bailey   | Entered a bailey
 28551 | Bailey   | Gained mutation: A meltable icy envelope protects you from harm. (AC +0) [demonic ancestry]
 28551 | Bailey   | Reached XP level 14. HP: 89/105 MP: 11/27
 28565 | Bailey   | Identified Sif Muna's Tome of Mysticism (Sif Muna gifted it to you in a bailey)
 28565 | Bailey   | Received a gift from Sif Muna
 28906 | D:12     | Found an ornate altar of the Wu Jian Council.
 28963 | D:12     | Identified the +2 pair of gloves "Wulo" {rF+ Int+3} (You acquired it on level 12 of the Dungeon)
 29136 | D:12     | Bought a +2 large shield for 165 gold pieces
 29782 | D:13     | Identified the Almanac of the Mountains and Displacement
 30136 | D:13     | Reached skill level 5 in Armour
 30320 | D:13     | Reached skill level 10 in Spellcasting
 30374 | D:13     | Found a gate to the Vaults.
 30700 | D:13     | Identified the +10 plate armour of Defiance {rN+ Str+2 Int+4 Dex+3} (You found it on level 13 of the Dungeon)
 30888 | D:14     | Noticed Sonja
 30895 | D:14     | Killed Sonja
 31115 | D:14     | Identified Wonosur's Catalogue of Displacement (Sif Muna gifted it to you on level 14 of the Dungeon)
 31115 | D:14     | Received a gift from Sif Muna
 31232 | D:14     | Reached skill level 14 in Necromancy
 31624 | D:14     | Found a portal to a secret trove of treasure.
 31750 | D:14     | Noticed Nessos
 31768 | D:14     | Killed Nessos
 31830 | D:14     | Found a blossoming altar of Fedhas.
 31951 | D:15     | Entered Level 15 of the Dungeon
 32083 | D:15     | Learned a level 4 spell: Animate Dead
 32164 | D:15     | Found a staircase to the Depths.
 32164 | D:15     | Noticed a frost giant
 32175 | D:15     | Killed a frost giant
 32495 | D:15     | Paralysed by a floating eye for 2 turns
 32532 | D:15     | Reached XP level 15. HP: 113/113 MP: 26/29
 32855 | Orc:1    | Entered Level 1 of the Orcish Mines
 32916 | Orc:1    | Found a bloodstained altar of Trog.
 33046 | Orc:1    | Noticed an orc warlord
 33073 | Orc:1    | Killed an orc warlord
 33559 | Orc:2    | Entered Level 2 of the Orcish Mines
 33559 | Orc:2    | Noticed epok's ghost (journeyman MiMo)
 33586 | Orc:2    | HP: 1/114 [sun demon[an orc high priest] (7)]
 34903 | Orc:2    | Killed epok's ghost
 34903 | Orc:2    | Reached skill level 5 in Throwing
 35109 | Orc:2    | Found Wiab's Antique Armour Emporium.
 35122 | Orc:2    | Noticed an orc warlord
 35123 | Orc:2    | Bought a transparent helmet for 332 gold pieces
 35123 | Orc:2    | Identified the cursed +0 helmet of Contentment {MR+} (You bought it in a shop on level 2 of the Orcish Mines)
 35178 | Orc:2    | Killed an orc warlord
 35284 | Orc:2    | Found a staircase to the Elven Halls.
 35376 | Orc:2    | Found Vecoup's General Store.
 35445 | Orc:2    | Identified Nimeloap's Collected Works on Sinister Air (Sif Muna gifted it to you on level 2 of the Orcish Mines)
 35445 | Orc:2    | Received a gift from Sif Muna
 35475 | Orc:2    | Found Agi Qemn's Antique Weapon Shoppe.
 35571 | Orc:2    | Found Rulunocu's Jewellery Shop.
 35872 | Orc:2    | Bought 3 scrolls of fog for 78 gold pieces
 35872 | Orc:2    | Bought a scroll of teleportation for 39 gold pieces
 36149 | Swamp:1  | Entered Level 1 of the Swamp
 36863 | Swamp:2  | Reached skill level 10 in Fighting
 38182 | Swamp:3  | Reached skill level 10 in Dodging
 38463 | Swamp:3  | Reached skill level 15 in Necromancy
 38463 | Swamp:3  | Gained mutation: You are completely covered in sharp spines. [demonic ancestry]
 38463 | Swamp:3  | Reached XP level 16. HP: 123/123 MP: 31/31
 38548 | Swamp:3  | Learned a level 5 spell: Bolt of Draining
 38928 | Swamp:4  | Entered Level 4 of the Swamp
 39037 | Swamp:4  | Noticed a thorn hunter
 39045 | Swamp:4  | Killed a thorn hunter
 39165 | Swamp:4  | Noticed a thorn hunter
 39178 | Swamp:4  | Killed a thorn hunter
 39198 | Swamp:4  | Identified the ring "Zaeh" {Fire +Blink Stlth+} (You found it on level 4 of the Swamp)
 39240 | Swamp:4  | Noticed a thorn hunter
 39265 | Swamp:4  | Killed a thorn hunter
 39271 | Swamp:4  | Identified Sif Muna's Handbook of the Dusty Arsonist (Sif Muna gifted it to you on level 4 of the Swamp)
 39271 | Swamp:4  | Received a gift from Sif Muna
 39341 | Swamp:4  | Gained mutation: You have claws for feet. [demonic ancestry]
 39341 | Swamp:4  | Reached XP level 17. HP: 111/130 MP: 6/32
 39425 | Swamp:4  | Got a decaying rune of Zot
 39631 | Snake:1  | Entered Level 1 of the Snake Pit
 39676 | Snake:1  | Learned a level 3 spell: Regeneration
 40560 | Snake:2  | Noticed Vashnia
 40573 | Snake:2  | Killed Vashnia
 40573 | Snake:2  | Reached skill level 16 in Necromancy
 40687 | Snake:2  | Noticed Aizul
 40696 | Snake:2  | Killed Aizul
 40697 | Snake:2  | Noticed Roxanne
 40729 | Snake:2  | Killed Roxanne
 40731 | Snake:2  | Identified Roxanne's Compendium of the Mountains (You took it off Roxanne on level 2 of the Snake Pit)
 41386 | Snake:2  | Identified the ring of Kuycysih {AC+5 Int-2 Slay+5} (You found it on level 2 of the Snake Pit)
 41622 | Snake:3  | Reached ****** piety under Sif Muna
 41664 | Snake:3  | Found an ancient bone altar of Kikubaaqudgha.
 42121 | Snake:4  | Entered Level 4 of the Snake Pit
 42164 | Snake:4  | Received a gift from Sif Muna
 42398 | Snake:4  | Noticed Kirke
 42406 | Snake:4  | Killed Kirke
 42634 | Snake:4  | Reached skill level 10 in Armour
 42715 | Snake:4  | Gained mutation: Your magical and physical power is slightly enhanced at high health. [demonic ancestry]
 42715 | Snake:4  | Reached XP level 18. HP: 137/141 MP: 3/33
 42754 | Snake:4  | Reached skill level 17 in Necromancy
 43205 | Snake:4  | Got a serpentine rune of Zot
 43374 | Snake:4  | Noticed Louise
 43378 | Snake:4  | Killed Louise
 44471 | Vaults:1 | Entered Level 1 of the Vaults
 44483 | Vaults:1 | Reached skill level 1 in Axes
 44494 | Vaults:1 | Found a ruined gateway.
 44523 | Desolati | Entered the Desolation of Salt
 44608 | Desolati | Killed from afar by a servant of whispers

Vault maps used:
D:1:      shiori_shiawase, minmay_pentomino_o4
D:2:      overflow_temple_1_default, nemelex_altar_shiori
D:3:      lemuel_crystal_altar
D:4:      grunt_temple_overflow_order_and_chaos_2
D:5:      grunt_temple_overflow_open, nicolae_tso_besieged_by_evil,
          minmay_temple_entry_butterflies, basic_altar, first_ration
D:6:      serial_shops, shop, kennysheep_cluttered_room, chei_slow_surprise,
          uniq_duvessa
D:7:      vehumet_altar_wand_db, marbit_many_paths
D:8:      dancing_weapons_uskayaw, dpeg_oklobed_lair, basic_altar, uniq_erica,
          uniq_psyche, uniq_joseph
D:9:      nicolae_ru_awakened_eye
D:11:     hiddenorc2_lemuel, the_bakery, uniq_grum
D:12:     serial_shops, kennysheep_mini_moat, enter_bailey_3, basic_altar,
          minmay_fountain_box
D:13:     grunt_vaults_entry_tiered, serial_curves, eino_curves_02,
          eino_curves_01, eino_curves_04, minmay_hollow_rounded_squares
D:14:     nicolae_trove_entry_path_of_doom, fedhas_altar_2,
          minmay_misc_feat_five, kennysheep_generic_room_4, uniq_sonja,
          uniq_nessos
D:15:     grunt_enter_depths_snipers, solitary_fountain
Lair:1:   serial_bayou_shore_a, grunt_megastairs_5, lemuel_fruit_fields,
          lemuel_fruit_tree
Lair:2:   uniq_harold
Lair:3:   gammafunk_mikee_crab_dinner, swamp_mist, guppyfry_snake_entry_island,
          patterned_corridor, uniq_urug
Lair:4:   portal_ice_cave_rime, lemuel_fruit_fields, serial_bayou_shore_b,
          uniq_josephine
Lair:5:   minmay_lair_oklob_chamber
Lair:6:   minmay_lair_end_enchanted_forest, slime_altar_1, lemuel_fruit_fields
Swamp:1:  evilmike_swamp_ruin_wall
Swamp:2:  nicolae_swamp_feature_on_the_river_bank, swamp_pool3
Swamp:3:  evilmike_swamp_ruin_rubble_1, infiniplex_staircase_pool
Swamp:4:  swamp_basic_johnstein, swamp_pool3
Snake:1:  st_stairs_12, serial_bayou_lagoon_b
Snake:2:  spider_trap, serial_bayou_ford_a, basic_loot_grate_trap,
          nicolae_large_snake_swirl, uniq_vashnia, uniq_roxanne, uniq_aizul
Snake:3:  basic_altar, grunt_ministairs_13
Snake:4:  grunt_snake_rune_serpentine_throne, grunt_megastairs_3, uniq_louise,
          uniq_kirke
Orc:1:    trog_hazing_becter
Orc:2:    grunt_orc_gardens, grunt_orc_garden, grunt_orc_garden,
          grunt_orc_garden, grunt_orc_garden
Vaults:1: v_misc_1, vaults_room_pool, ontoclasm_vaults_idyll, st_spiral_rooms,
          v_misc_30, vaults_standard_mumra_enter_the_diamond,
          nicolae_vaults_asterisk, ontoclasm_vaults_decontamination,
          vaults_room_pool, vaults_dpeg_spiral, nicolae_vaults_little_squares_3,
          serial_shops, shop, portal_desolation_entry_nicolae_nacl
Bailey:   bailey_polearm_gnolls_kennysheep, bailey
IceCv:    ice_cave_statue_garden_chambered

Skill      XL: |  1  2  3  4  5  6  7  8  9 10 11 12 13 14 15 16 17 18 |
---------------+-------------------------------------------------------+-----
Stealth        | 2 |  2.5
Dodging        | 2 3 4 5 6 7 8 9 10 11 12 | 12.4
Conjurations   | 2 3 4 5 6 7 |  7.9
Spellcasting   | 4 5 6 7 8 9 10 11 | 11.3
Translocations | 1 2 3 4 |  4.0
Evocations     | 1 2 3 4 5 6 7 |  7.9
Air Magic      | 1 2 3 4 |  4.0
Poison Magic   | 1 2 3 4 |  4.1
Fighting       | 1 2 3 4 5 6 7 8 9 10 12 13 | 13.0
Fire Magic     | 1 2 3 4 |  4.0
Shields        | 1 2 3 4 |  4.5
Summonings     | 2 3 4 |  4.6
Hexes          | 2 4 |  4.5
Armour         | 1 3 4 6 7 8 10 | 10.8
Necromancy     | 3 13 14 15 16 17 | 17.2
Throwing       | 2 4 5 |  5.0
Axes           | 2 |  2.6

Action                   |  1- 3 |  4- 6 |  7- 9 | 10-12 | 13-15 | 16-18 || total
-------------------------+-------+-------+-------+-------+-------+-------++-------
Melee: Unarmed           |    10 |       |       |       |       |       ||    10
       Dagger            |    38 |    71 |   194 |   442 |  1531 |   501 ||  2777
       Spear             |       |       |       |       |     1 |       ||     1
       Kick              |       |       |       |       |       |   144 ||   144
       Broad axe         |       |       |       |       |       |    33 ||    33
 Cast: Magic Dart        |    82 |   174 |   301 |   393 |    36 |       ||   986
       Mephitic Cloud    |       |       |     7 |    48 |    97 |       ||   152
       Call Imp          |       |       |     1 |    98 |    26 |       ||   125
       Conjure Flame     |       |       |       |     2 |       |       ||     2
       Blink             |       |       |       |     2 |       |       ||     2
       Call Canine Famil |       |       |       |    63 |    37 |     4 ||   104
       Stone Arrow       |       |       |       |    74 |     9 |     3 ||    86
       Cause Fear        |       |       |       |     3 |     2 |       ||     5
       Animate Skeleton  |       |       |       |     6 |   125 |     6 ||   137
       Death Channel     |       |       |       |       |    53 |    42 ||    95
       Animate Dead      |       |       |       |       |    24 |    56 ||    80
       Bolt of Draining  |       |       |       |       |       |    35 ||    35
       Regeneration      |       |       |       |       |       |    16 ||    16
Evoke: Wand              |       |     2 |     4 |    54 |    17 |     1 ||    78
       Phial of floods   |       |       |       |     1 |     4 |     1 ||     6
       Phantom mirror    |       |       |       |       |     1 |       ||     1
       Lightning rod     |       |       |       |       |     4 |       ||     4
       Box of beasts     |       |       |       |       |     1 |       ||     1
  Use: Scroll            |       |     8 |     2 |    12 |    17 |    14 ||    53
       Potion            |       |     5 |     2 |     4 |    15 |     2 ||    28
 Stab: Confused          |       |       |     3 |     3 |    29 |       ||    35
       Sleeping          |       |       |       |     2 |     2 |       ||     4
       Distracted        |       |       |       |     7 |    19 |    15 ||    41
       Fleeing           |       |       |       |     1 |       |       ||     1
       Held in net/web   |       |       |       |       |     1 |       ||     1
  Eat: Chunk             |     4 |    12 |    14 |    23 |    39 |     9 ||   101
       Ration            |       |       |       |     5 |     9 |     8 ||    22
Armor: Robe              |    11 |       |       |       |       |       ||    11
       Ring mail         |    26 |    47 |   112 |   128 |   311 |       ||   624
       Ice dragon scales |       |       |       |       |   525 |   426 ||   951
Dodge: Dodged            |    46 |    41 |   116 |   237 |   879 |   296 ||  1615
Block: Buckler           |       |     2 |    52 |   128 |   372 |   140 ||   694

Table legend:
 A = Spawn XP
 B = Non-spawn XP
 C = Spawn XP percentage of total XP
 D = Spawn monster count
 E = Non-spawn monster count
 F = Spawn count percentage of total count
 G = Total turns spent on level
                    A         B        C        D         E        F      G
               +---------+---------+-------+---------+---------+-------+---------
         Total |       0 |  282515 |   0.0 |       0 |    1270 |   0.0 | 44608
               +---------+---------+-------+---------+---------+-------+---------
           D:1 |       0 |      51 |   0.0 |       0 |      27 |   0.0 |  1738
           D:2 |       0 |      89 |   0.0 |       0 |      24 |   0.0 |  1444
           D:3 |       0 |     156 |   0.0 |       0 |      35 |   0.0 |  1423
           D:4 |       0 |     146 |   0.0 |       0 |      16 |   0.0 |  1252
           D:5 |       0 |     565 |   0.0 |       0 |      20 |   0.0 |  1042
           D:6 |       0 |    1453 |   0.0 |       0 |      25 |   0.0 |  1787
           D:7 |       0 |    1851 |   0.0 |       0 |      23 |   0.0 |  1454
           D:8 |       0 |    4597 |   0.0 |       0 |      42 |   0.0 |  2140
           D:9 |       0 |    2232 |   0.0 |       0 |      27 |   0.0 |  2206
          D:10 |       0 |    2825 |   0.0 |       0 |      32 |   0.0 |  1305
          D:11 |       0 |    4372 |   0.0 |       0 |      62 |   0.0 |  1048
          D:12 |       0 |    7658 |   0.0 |       0 |      72 |   0.0 |  1166
          D:13 |       0 |   17621 |   0.0 |       0 |      68 |   0.0 |  1523
          D:14 |       0 |   11389 |   0.0 |       0 |      39 |   0.0 |  1095
          D:15 |       0 |    8437 |   0.0 |       0 |      24 |   0.0 |   829
        Lair:1 |       0 |    2129 |   0.0 |       0 |      12 |   0.0 |  1173
        Lair:2 |       0 |    2591 |   0.0 |       0 |      10 |   0.0 |  1135
        Lair:3 |       0 |    3991 |   0.0 |       0 |      20 |   0.0 |  1725
        Lair:4 |       0 |    5357 |   0.0 |       0 |      14 |   0.0 |   948
        Lair:5 |       0 |   11218 |   0.0 |       0 |      38 |   0.0 |  2947
        Lair:6 |       0 |   12987 |   0.0 |       0 |      74 |   0.0 |  2021
       Swamp:1 |       0 |    5484 |   0.0 |       0 |      29 |   0.0 |   696
       Swamp:2 |       0 |    6493 |   0.0 |       0 |      23 |   0.0 |   909
       Swamp:3 |       0 |    7626 |   0.0 |       0 |      27 |   0.0 |  1227
       Swamp:4 |       0 |   19433 |   0.0 |       0 |      53 |   0.0 |   602
       Snake:1 |       0 |   13328 |   0.0 |       0 |      42 |   0.0 |   746
       Snake:2 |       0 |   22777 |   0.0 |       0 |      56 |   0.0 |  1043
       Snake:3 |       0 |   18111 |   0.0 |       0 |      49 |   0.0 |   748
       Snake:4 |       0 |   59693 |   0.0 |       0 |     118 |   0.0 |  2086
         Orc:1 |       0 |    5807 |   0.0 |       0 |      57 |   0.0 |  1979
         Orc:2 |       0 |   10429 |   0.0 |       0 |      57 |   0.0 |  1165
      Vaults:1 |       0 |    3200 |   0.0 |       0 |       5 |   0.0 |    52
        Bailey |       0 |     925 |   0.0 |       0 |      30 |   0.0 |   392
         IceCv |       0 |    2871 |   0.0 |       0 |      11 |   0.0 |  1477
    Desolation |       0 |    4623 |   0.0 |       0 |       9 |   0.0 |    85
               +---------+---------+-------+---------+---------+-------+---------
